 Dungeon Crawl Stone Soup version 0.29.1-1-gd02db6906a (webtiles) character file.

Game seed: 5227362920974395784

1648 Icepheonix32 the Summoner (level 9, -4/93 HPs)
             Began as a Merfolk Summoner on Oct 5, 2022.
             Was an Initiate of Sif Muna.
             Slain by Maggie
             ... wielding a +2 glaive of flaming
              (6 damage)
             ... on level 6 of the Dungeon.
             The game lasted 00:15:32 (6778 turns).

Icepheonix32 the Summoner (Merfolk Summoner)        Turns: 6778, Time: 00:15:32

Health: -4/93      AC: 24    Str:  8    XL:     9   Next: 0%
Magic:  14/16      EV:  2    Int: 18    God:    Sif Muna [......]
Gold:   236        SH:  0    Dex: 13    Spells: 8/17 levels left

rFire   . . .      SeeInvis .   j - +3 spear
rCold   . . .      Faith    .   (no shield)
rNeg    . . .      Spirit   .   (body armour currently unavailable)
rPois   +          Reflect  .   (helmet currently unavailable)
rElec   .          Harm     .   (cloak currently unavailable)
rCorr   .          Rampage  .   (gloves currently unavailable)
Will    .....      NoTele   +   (boots currently unavailable)
Stlth   +++.......              A - amulet of regeneration
HPRegen 1.05/turn               c - ring of poison resistance
MPRegen 0.15/turn               (no ring)

@: mighty, tree-form, mesmerised, hasted, very quick
A: stationary, stasis, torment immunity, boosted hp, (nimble swimmer 2),
(mertail), (iridescent scales 1), (large bone plates 1), clumsy 1
a: Renounce Religion


You were on level 6 of the Dungeon.
You worshipped Sif Muna.
Sif Muna was noncommittal.
You were a tree.
You visited 1 branch of the dungeon, and saw 6 of its levels.
You also visited: Sewer.

You collected 236 gold pieces.

Inventory:

Hand Weapons
 j - a +3 spear (weapon)
 l - a +2 dagger of holy wrath
 J - a +2 spectral quarterstaff
Missiles
 C - 2 javelins
 D - 29 poisoned darts
Armour
 p - the +3 leather armour of the Shining Light (melded) {Harm Str+2 Int+4}
   (You found it on level 2 of the Dungeon)

   Str:       It affects your strength (+2).
   Int:       It affects your intelligence (+4).
   Harm:      It increases damage dealt and taken.
 y - a +0 pair of gloves (melded)
 H - the +1 leather armour of Pefuf {rCorr}
   (You found it on level 4 of the Dungeon)

   rCorr:     It protects you from acid and corrosion.
 I - a +0 ring mail of fire resistance
 M - a +0 cloak (melded)
 N - a scarf of harm
Magical Staves
 o - a staff of cold
Jewellery
 c - a ring of poison resistance (left branch)
 A - an amulet of regeneration (around neck)
 O - a ring of see invisible
Wands
 F - a wand of flame (26)
 K - a wand of quicksilver (7)
Scrolls
 d - a scroll of enchant armour {unknown}
 e - a scroll of vulnerability {unknown}
 h - 3 scrolls of poison {unknown}
 k - 4 scrolls of teleportation {unknown}
 n - 2 scrolls of identify {unknown}
 q - 2 scrolls of blinking {unknown}
 r - 3 scrolls of fear {unknown}
 t - 2 scrolls of noise {unknown}
 u - a scroll of magic mapping {unknown}
 B - a scroll of immolation {unknown}
 E - 3 scrolls of butterflies {unknown}
 G - a scroll of summoning {unknown}
 L - a scroll of silence {unknown}
Potions
 b - 2 potions of magic
 m - a potion of brilliance {unknown}
 s - a potion of might
 v - a potion of resistance {unknown}
 w - a potion of flight {unknown}
 x - a potion of curing {unknown}
 z - 3 potions of ambrosia {unknown}


   Skills:
 + Level 2.5 Fighting
 - Level 1.1 Short Blades
 + Level 4.3 Polearms
 + Level 2.0 Armour
 + Level 4.7 Dodging
 + Level 4.2 Stealth
 - Level 0.2 Unarmed Combat
 + Level 4.9 Spellcasting
 * Level 8.0 Summonings


You had 8 spell levels left.
You knew the following spells:

 Your Spells              Type           Power      Damage    Failure   Level
a - Summon Small Mammal   Summ           100%       N/A       1%          1
b - Call Imp              Summ           33%        N/A       1%          2
c - Call Canine Familiar  Summ           33%        N/A       1%          3
d - Summon Guardian Gole  Hex/Summ       18%        N/A       8%          3

Your spell library contained the following spells:

 Spells                   Type           Power      Damage    Failure   Level
 Magic Dart               Conj           16%        1d3       14%         1
 Slow                     Hex            16%        N/A       14%         1
 Summon Lightning Spire   Summ/Air       18%        N/A       26%         4
 Confusing Touch          Hex            4%         N/A       38%         3
 Mephitic Cloud           Conj/Pois/Air  4%         N/A       38%         3
 Portal Projectile        Hex/Tloc       8%         N/A       38%         3
 Tukima's Dance           Hex            4%         N/A       38%         3
 Vampiric Draining        Necr           4%         2d6       38%         3
 Blade Hands              Tmut           2%         N/A       98%         5


Dungeon Overview and Level Annotations

Branches:
Dungeon (6/15)              Sewer (visited)
 Temple: D:4-7

Altars:
Cheibriados
Sif Muna
Vehumet
Wu Jian
Xom

Annotations:
D:6 Maggie


Innate Abilities, Weirdness & Mutations

You are a tree.
Your roots penetrate the ground, keeping you stationary.
You cannot be teleported.
You are immune to unholy pain and torment.
Your maximum health is greatly increased.
Your equipment is partially melded.
((You are very nimble when in or above water. (Stealth+, EV+, Speed+++)))
((Your lower body shifts to a powerful aquatic tail in water.))
((You are partially covered in iridescent scales. (AC +2)))
((You are partially covered in large bone plates. (SH +4)))
You are clumsy. (Dex -2)


Message History

It was a potion of heal wounds.
You feel much better.
Maggie hits you from afar with a +2 glaive of flaming!
* * * LOW HITPOINT WARNING * * *
Maggie burns you.
* * * LOW HITPOINT WARNING * * *
The grasping roots constrict you.
It was a potion of haste.
You feel yourself speed up.
Maggie hits you from afar with a +2 glaive of flaming.
* * * LOW HITPOINT WARNING * * *
Maggie burns you.
* * * LOW HITPOINT WARNING * * *
The grasping roots constrict you.
Okay, then.
Reach: j) +3 spear
Press: ? - help, Dir - move target, f/p - Maggie
Aim: Maggie, wielding a +2 glaive of flaming, wearing +0 steam dragon scales and carrying a wand of roots (9) (heavily wounded, mesmerising, about 33% to evade your +3 spear)
You reach to attack!
You hit Maggie.
Maggie is heavily wounded.
Maggie hits you but does no damage. The grasping roots constrict you.
Casting: Call Canine Familiar (safe; 1% risk of failure)
Confirm with . or Enter, or press ? or * to list all spells.
Okay, then.
It was a potion of mutation.
You feel extremely strange.
You feel clumsy.
Large bone plates grow over parts of your arms.
Iridescent scales grow over part of your body.
Maggie says, "Leave now, and tell all of Margery's mercy!"
Maggie hits you but does no damage. The grasping roots constrict you.
* * * LOW HITPOINT WARNING * * *
The black bear bites you but does no damage.
The black bear claws you but does no damage. x2
The grasping roots release their grip on you.
It was a potion of might.
You feel very mighty all of a sudden.
You puncture the black bear!
The black bear is moderately wounded.
Maggie hits you from afar with a +2 glaive of flaming!
* * * LOW HITPOINT WARNING * * *
Maggie burns you.
You die...

..# ..# ##..## #....
....# #...#####
#@....... #h# ### #♣#
..# #.# #.# #.# #.#
#<# ##### #.# #.#
#...######.###.#
#..............#
#...######.##........#
##.## #.##.........


You could see Maggie (mesmerising) and a black bear.

Vanquished Creatures
  Grinder (D:3)
  An ice beast (D:5)
  4 kobold brigands (Sewer)
  A bullfrog (D:4)
  2 scorpions
  2 hounds
  Natasha (twice) (D:3)
  An iguana (D:3)
  Ijyb (D:4)
  Robin (D:3)
  3 gnolls (D:5)
  2 river rats
  5 adders
  2 shadow imps
  2 worms (Sewer)
  2 dart slugs (D:2)
  2 orcs
  3 bats
  7 endoplasms
  4 giant cockroaches (D:2)
  10 goblins
  4 hobgoblins
  A jackal (D:1)
  A quokka (D:1)
  10 ball pythons
  3 frilled lizards
  10 kobolds
  3 rats
90 creatures vanquished.

Vanquished Creatures (collateral kills)
  Menkaure (D:4)
  An ice beast (D:6)
  A scorpion (D:5)
  Natasha (D:3)
  A gnoll bouda (D:5)
  3 iguanas
  An orc wizard (D:3)
  2 gnolls (D:5)
  5 adders
  A worm (D:3)
  A dart slug (D:3)
  8 orcs
  2 bats
  An endoplasm (D:3)
  A giant cockroach (D:3)
  8 goblins
  5 hobgoblins
  6 jackals
  A kobold (Sewer)
  3 ball pythons
  A frilled lizard (D:2)
  2 rats
56 creatures vanquished.

Vanquished Creatures (others)
  2 fungi (D:3)
  2 plants (D:3)
4 creatures vanquished.

Grand Total: 150 creatures vanquished

Notes
Turn   | Place    | Note
-------+----------+-------------------------------------------
     0 | D:1      | Icepheonix32 the Merfolk Summoner began the quest for the
                  | Orb.
     0 | D:1      | Reached XP level 1. HP: 13/13 MP: 3/3
   641 | D:1      | Reached XP level 2. HP: 2/19 MP: 1/5
  1720 | D:1      | Learned a level 2 spell: Call Imp
  1805 | D:2      | Reached XP level 3. HP: 25/25 MP: 2/6
  1924 | D:2      | Identified the +3 leather armour of the Shining Light {Harm
                  | Str+2 Int+4}
  1969 | D:2      | Learned a level 3 spell: Call Canine Familiar
  2170 | D:2      | Found an ornate altar of the Wu Jian Council.
  2268 | D:2      | Reached XP level 4. HP: 31/31 MP: 4/7
  2301 | D:2      | Noticed a scorpion
  2326 | D:2      | Killed a scorpion
  2327 | D:2      | Reached skill level 1 in Fighting
  2327 | D:2      | Reached skill level 1 in Short Blades
  2327 | D:2      | Reached skill level 5 in Summonings
  2420 | D:2      | Reached XP level 5. HP: 37/37 MP: 8/8
  2989 | D:3      | Noticed Grinder
  2990 | D:3      | Noticed Robin
  3363 | D:3      | Paralysed by Grinder for 4 turns
  3382 | D:3      | Paralysed by Grinder for 3 turns
  3401 | D:3      | Killed Grinder
  3402 | D:3      | Reached skill level 1 in Armour
  3402 | D:3      | Reached XP level 6. HP: 24/44 MP: 0/10
  3505 | D:3      | Killed Robin
  3675 | D:3      | Noticed Natasha
  3676 | D:3      | Found a shimmering altar of Xom.
  3697 | D:3      | Killed Natasha
  3698 | D:3      | Reached skill level 6 in Summonings
  3698 | D:3      | Reached XP level 7. HP: 47/49 MP: 7/12
  3816 | D:3      | Found a faded altar of an unknown god.
  3970 | D:3      | Noticed Natasha
  3979 | D:3      | Killed Natasha
  4013 | D:3      | Noticed Natasha
  4076 | D:3      | Killed Natasha
  4077 | D:3      | Reached skill level 1 in Polearms
  4191 | D:4      | Found a snail-covered altar of Cheibriados.
  4242 | D:4      | Learned a level 3 spell: Summon Guardian Golem
  4262 | D:4      | Found a glowing drain.
  4278 | Sewer    | Entered a sewer
  4733 | Sewer    | Reached XP level 8. HP: 54/56 MP: 13/13
  5006 | D:4      | Identified the +1 leather armour of Pefuf {rCorr}
  5092 | D:4      | Found a radiant altar of Vehumet.
  5167 | D:4      | Noticed Menkaure
  5179 | D:4      | Killed Menkaure
  5180 | D:4      | Reached skill level 7 in Summonings
  5369 | D:4      | Noticed Ijyb
  5384 | D:4      | Killed Ijyb
  5492 | D:4      | Found a shimmering blue altar of Sif Muna.
  5568 | D:4      | Became a worshipper of Sif Muna the Loreminder
  5604 | D:5      | Entered Level 5 of the Dungeon
  6698 | D:6      | Reached skill level 8 in Summonings
  6709 | D:6      | Reached XP level 9. HP: 62/62 MP: 16/16
  6760 | D:6      | Noticed Maggie
  6776 | D:6      | Gained mutation: You are clumsy. (Dex -2) [potion of
                  | mutation]
  6776 | D:6      | Gained mutation: You are partially covered in large bone
                  | plates. (SH +4) [potion of mutation]
  6776 | D:6      | Gained mutation: You are partially covered in iridescent
                  | scales. (AC +2) [potion of mutation]
  6778 | D:6      | HP: 2/93 [Maggie/+2 glaive of flaming (15)]
  6778 | D:6      | Slain by Maggie

Illustrated notes

Levels and vault maps discovered:
D:1:      psy_arrival_terrarium, layout_loops_corners, serial_rivers,
          chequers_serial_rivers_small_3, chequers_serial_rivers_small_a,
          chequers_serial_rivers_small_a, chequers_serial_rivers_large_b,
          chequers_serial_rivers_small_a, chequers_serial_rivers_room_a
D:2:      minmay_door_path, layout_basic, basic_altar, grunt_decor_junction
D:3:      layout_basic, xom_teletrap_fun, shapermc_ecumenical_altar_petra,
          uniq_natasha, uniq_grinder, uniq_robin
D:4:      layout_rooms, cheibriados_altar_1, lemuel_round_altar,
          nicolae_sif_muna_little_library, portal_sewer_entry_a, hex_tiny,
          uniq_menkaure, uniq_ijyb
D:5:      layout_gridville
D:6:      layout_loops_ring, minmay_temple_entry_from_below_a, corner_web_ring,
          uniq_pikel, uniq_eustachio, uniq_maggie

Skill      XL: |  1  2  3  4  5  6  7  8 |
---------------+-------------------------+-----
Dodging        | 3 4 |  4.7
Fighting       | 1 2 |  2.5
Short Blades   | 1 |  1.1
Summonings     | 5 6 8 |  8.0
Armour         | 1 2 |  2.0
Spellcasting   | 3 4 |  4.9
Stealth        | 3 4 |  4.2
Polearms       | 2 4 |  4.3
Unarmed Combat | |  0.2

Action                   |  1- 3 |  4- 6 |  7- 9 || total
-------------------------+-------+-------+-------++-------
Melee: Unarmed           |     9 |       |       ||     9
       Dagger            |    77 |    96 |       ||   173
       Punch             |     1 |       |     4 ||     5
       Spear             |       |    16 |   286 ||   302
       Tailslap          |       |       |    16 ||    16
Throw: Javelin           |       |     2 |       ||     2
 Cast: Summon Small Mamm |    18 |     5 |     8 ||    31
       Call Imp          |     8 |     9 |    16 ||    33
       Call Canine Famil |       |     7 |    25 ||    32
       Summon Guardian G |       |       |     1 ||     1
Evoke: Wand              |       |       |     1 ||     1
  Use: Potion            |       |       |     5 ||     5
 Stab: Sleeping          |     3 |     1 |    10 ||    14
       Distracted        |       |     2 |     2 ||     4
Armor: Robe              |    24 |       |       ||    24
       Leather armour    |     8 |    31 |    49 ||    88
       Skin              |       |       |     5 ||     5
Dodge: Dodged            |    86 |    81 |   137 ||   304
